 Dungeon Crawl Stone Soup version 0.29-a0-878-g7b45a56547 (webtiles) character file.

Game seed: 8905392969272046473

3 zeratav the Stinger (level 1, -1/11 HPs)
             Began as an Octopode Venom Mage on July 19, 2022.
             Slain by a jackal (2 damage)
             ... on level 1 of the Dungeon.
             The game lasted 00:00:14 (68 turns).

zeratav the Stinger (Octopode Venom Mage)             Turns: 68, Time: 00:00:15

Health: -1/11      AC:  1    Str:  7    XL:     1   Next: 50%
Magic:  1/3        EV: 13    Int: 17    God:
Gold:   12         SH:  0    Dex: 12    Spells: 3/4 levels left

rFire   . . .      SeeInvis .   (no weapon)
rCold   . . .      Faith    .   (no shield)
rNeg    . . .      Spirit   .   (helmet restricted)
rPois   .          Reflect  .   (no amulet)
rElec   .          Harm     .   (no ring)
rCorr   .          Rampage  .   (no ring)
Will    .....                   (no ring)
Stlth   +++.......              (no ring)
HPRegen 0.03/turn               (no ring)
MPRegen 0.08/turn               (no ring)
                                (no ring)
                                (no ring)

@: no status effects
A: almost no armour, amphibious, 8 rings, camouflage 1, gelatinous body 1,
(nimble swimmer 1), tentacles
a: no special abilities


You were on level 1 of the Dungeon.
You visited 1 branch of the dungeon, and saw 1 of its levels.

You collected 12 gold pieces.


Innate Abilities, Weirdness & Mutations

You cannot wear most types of armour.
You are amphibious.
You can wear up to eight rings at the same time.
Your skin changes colour to match your surroundings (Stealth+).
Your rubbery body absorbs attacks. (AC +1, EV +1)
((You are camouflaged when in or above water. (Stealth+)))
You have tentacles for arms and can constrict up to eight enemies at once.


   Skills:
 - Level 2.0 Dodging
 + Level 3.0 Stealth
 - Level 2.0 Spellcasting
 - Level 1.0 Transmutations
 + Level 3.8 Poison Magic


You had 3 spell levels left.
You knew the following spells:

 Your Spells              Type           Power      Damage    Failure   Level
a - Sting                 Tmut/Pois      36%        1d4       8%          1

Your spell library contained the following spells:

 Spells                   Type           Power      Damage    Failure   Level
 Poisonous Vapours        Pois/Air       16%        N/A       14%         2
 Mephitic Cloud           Conj/Pois/Air  6%         N/A       34%         3
 Olgreb's Toxic Radiance  Pois           14%        N/A       38%         4

Inventory:

Scrolls
 c - a scroll of poison {unknown}
Potions
 a - a potion of magic
 b - a potion of might {unknown}

Dungeon Overview and Level Annotations

Branches:
Dungeon (1/15) Zot: 5931

Altars:

#...#.# #.###.#
#.###.#####...
#...........#
#...##'##...#
#...#...# .#
#.###.♣.###
#.#.......#
#@#.♣.<.♣.#
#h#.......#
#J###.♣.###
#lh.#...#
#...##+##
#........
.......†#####.#
#...#.... #.
#.####


You could see an endoplasm, 2 jackals and a frilled lizard.


Message History

You now have 12 gold pieces.
You open the door.
A rat comes into view.
There is an open door here.
A rat is nearby!
The sting hits the rat.
The rat is poisoned.
You kill the rat!
MP[-1]
You lost 1 mp, and now have 2/3 mp.
You can't see any susceptible monsters within range! (Use Z to cast anyway.)
You can't see any susceptible monsters within range! (Use Z to cast anyway.)
c - a scroll labelled REEPNI XECADD MP[+1]
Your mp is fully restored (3).
A jackal comes into view.
A frilled lizard comes into view.
The jackal barks!
The frilled lizard hisses angrily.
You hear a bark!
A jackal and an endoplasm come into view.
You miscast Sting.
You are very lightly contaminated with residual magic.
Nothing appears to happen.
The jackal barks!
You hear a bark!
A jackal comes into view.
The jackal barely misses you.
You hear a bark!
MP[-1]
You lost 1 mp, and now have 2/3 mp.
The sting hits the jackal.
The jackal is poisoned.
The jackal misses you.
MP[-1]
You lost 1 mp, and now have 1/3 mp.
The sting hits the jackal.
The jackal looks even sicker.
You kill the jackal!
The jackal bites you.
A jackal comes into view.
HP[-1] MP[-1]
You take 1 damage, and now have 10/11 hp.
You lost 1 mp, and now have 0/3 mp.
You are out of magic!
You are out of magic!
You are out of magic!
You closely miss the jackal. You grab the jackal. You constrict the jackal.
The jackal misses you. The frilled lizard misses you.
You tentacle-slap the jackal. Your squeeze misses the jackal.
You constrict the jackal, but do no damage.
The jackal closely misses you. The frilled lizard barely misses you.
You tentacle-slap the jackal.
You squeeze the jackal, but do no damage.
You constrict the jackal. The jackal completely misses you.
The jackal closely misses you. The frilled lizard bites you.
HP[-3]
You take 3 damage, and now have 7/11 hp.
MASSIVE DAMAGE!! (PAUSE)
You tentacle-slap the jackal but do no damage.
You constrict the jackal. The jackal completely misses you.
The frilled lizard bites you.
* * * LOW HITPOINT WARNING * * *
Your magical contamination has completely faded away.
You are too injured to fight recklessly!
HP[-3]
You take 3 damage, and now have 4/11 hp.
MASSIVE DAMAGE!! (PAUSE)
You are too injured to fight recklessly!
You are too injured to fight recklessly!
You are too injured to fight recklessly!
You are too injured to fight recklessly!
You are too injured to fight recklessly!
You are too injured to fight recklessly!
You are too injured to fight recklessly!
You are too injured to fight recklessly!
You are too injured to fight recklessly!
You are too injured to fight recklessly!
You are too injured to fight recklessly!
You are too injured to fight recklessly!
You are too injured to fight recklessly!
You release your grip on the jackal.
The jackal attacks as you move away! The jackal bites you.
* * * LOW HITPOINT WARNING * * *
The jackal barely misses you.
HP[-3]
You take 3 damage, and now have 1/11 hp.
MASSIVE DAMAGE!! (PAUSE)
The jackal misses you.
MP[+1]
You tentacle-slap the jackal but do no damage.
Your grab misses the jackal. Your squeeze misses the jackal.
The jackal barely misses you. x2
You tentacle-slap the jackal but do no damage.
You grab the jackal. You constrict the jackal.
You kill the jackal!
Your Stealth skill increases to level 3!
HP[+1]
You tentacle-slap the jackal but do no damage.
Your grab misses the jackal. Your squeeze misses the jackal.
The jackal bites you.
* * * LOW HITPOINT WARNING * * *
HP[-1]
You take 1 damage, and now have 1/11 hp.
You tentacle-slap the jackal. You grab the jackal. You constrict the jackal.
The jackal bites you.
You die...

Skill      XL: |  1 |
---------------+----+-----
Stealth        | 3 |  3.0
Dodging        | |  2.0
Spellcasting   | |  2.0
Transmutations | |  1.0
Poison Magic   | |  3.8

Action                   || total
-------------------------++-------
Melee: Unarmed           ||     8
       Constrict         ||     3
       Tentacles         ||     1
 Cast: Sting             ||     3
Dodge: Dodged            ||    13

Levels and vault maps discovered:
D:1:      dpeg_arrival_simpleton_c, layout_loops_corners,
          hellmonk_ecumenical_altar_lost_god

Notes
Turn   | Place    | Note
-------+----------+-------------------------------------------
     0 | D:1      | zeratav the Octopode Venom Mage began the quest for the
                  | Orb.
     0 | D:1      | Reached XP level 1. HP: 11/11 MP: 3/3
     0 | D:1      | magus.rc [v1.9.6]
    60 | D:1      | HP: 1/11 [jackal (3)]
    67 | D:1      | Reached skill level 3 in Stealth
    67 | D:1      | HP: 1/11 [jackal (1)]
    68 | D:1      | Slain by a jackal

Vanquished Creatures
  2 jackals (D:1)
  A rat (D:1)
3 creatures vanquished.

Table legend:
 A = Non-vault XP
 B = Vault XP
 C = Vault XP percentage of total XP
 D = Non-vault monster count
 E = Vault monster count
 F = Vault count percentage of total count
                 A         B        C        D         E       F
            +---------+---------+-------+---------+---------+-------
      Total |       5 |       0 |   0.0 |       3 |       0 |   0.0
            +---------+---------+-------+---------+---------+-------
        D:1 |       5 |       0 |   0.0 |       3 |       0 |   0.0
            +---------+---------+-------+---------+---------+-------

Illustrated notes

Table legend:
 A = Kills in this place as a percentage of kills in entire the game.
 B = Kills by you in this place as a percentage of kills by you in the entire game.
 C = Kills by friends in this place as a percentage of kills by friends in the entire game.
 D = Other kills in this place as a percentage of other kills in the entire game.
 E = Experience gained in this place as a percentage of experience gained in the entire game.
 F = Experience gained in this place divided by the number of levels of this place that you have seen.
                   A       B       C       D       E      F
               +-------+-------+-------+-------+-------+----------------------
         Total | 100.0 | 100.0 |   N/A |   N/A | 100.0 |   5.0
       Dungeon | 100.0 | 100.0 |   N/A |   N/A | 100.0 |   5.0
               +-------+-------+-------+-------+-------+----------------------

Table legend: (Time is in decaauts)
 A = Elapsed time spent in this place.
 B = Non-inter-level travel time spent in this place.
 C = Inter-level travel time spent in this place.
 D = Time resting spent in this place.
 E = Time spent auto-exploring this place.
 F = Levels seen in this place.
 G = Mean time per level.
                   A        B        C        D        E       F      G
               +--------+--------+--------+--------+--------+-----+--------+
         Total |     68 |     68 |      0 |      0 |     42 |   1 |   68.0 |
       Dungeon |     68 |     68 |      0 |      0 |     42 |   1 |   68.0 |
               +--------+--------+--------+--------+--------+-----+--------+

Top non-repeatable levels by time:
     D:1: 68 daAuts
